 Dungeon Crawl Stone Soup version 0.18.1-1-g2f07953 (webtiles) character file.

71 Steelers13 the Skirmisher (level 4, -4/55 HPs)
             Began as a Merfolk Berserker on June 14, 2016.
             Was a Believer of Trog.
             Killed by nerve-wracking pain
             ... invoked by an orc priest
              (7 damage)
             ... on level 3 of the Dungeon.
             The game lasted 00:08:42 (3206 turns).

Steelers13 the Skirmisher (Merfolk Berserker)       Turns: 3206, Time: 00:08:42

Health: -4/55      AC:  5    Str: 23    XL:     4   Next: 24%
Magic:  4/4        EV: 12    Int:  6    God:    Trog [**....]
Gold:   148        SH:  0    Dex: 13    Spells: 0 memorised, 3 levels left

rFire  . . .     SeeInvis .     a - +0 falchion
rCold  . . .     Gourm    .     g - +0 ring mail
rNeg   . . .     Faith    .     (no shield)
rPois  .         Spirit   .     (no helmet)
rElec  .         Dismiss  .     (no cloak)
rCorr  .         Reflect  .     (no gloves)
SustAt .         Harm     .     (no boots)
MR     .....                    (no amulet)
Stlth  ..........               (no ring)
                                (no ring)

@: berserking, very quick, not resistant to hostile enchantments, extremely
unstealthy
A: change form in water, swift swim
a: Berserk, Trog's Hand, Burn Spellbooks, Renounce Religion


You were on level 3 of the Dungeon.
You worshipped Trog.
Trog was pleased with you.
You were not hungry.

You visited 1 branch of the dungeon, and saw 3 of its levels.

You collected 148 gold pieces.

Inventory:

Hand Weapons
 a - a +0 falchion (weapon)
 k - a +0 short sword
Armour
 g - a +0 ring mail (worn)
Scrolls
 e - 2 scrolls of remove curse {unknown}
 f - a scroll of fog {unknown}
 h - 3 scrolls of identify {unknown}
 i - a scroll of teleportation {unknown}
 j - 2 scrolls of magic mapping {unknown}
Potions
 c - a potion of curing {unknown}
 d - a potion of might {unknown}
Comestibles
 b - a slice of pizza
 l - 2 chunks of flesh


   Skills:
 + Level 4.2 Fighting
 + Level 4.0 Long Blades
 + Level 1.8 Armour
 + Level 3.2 Dodging


You had 3 spell levels left.
You didn't know any spells.

Dungeon Overview and Level Annotations

Branches:
Dungeon (3/15)

Altars:
Gozag
Nemelex Xobeh


Message History

The magic dart hits you!
* * * LOW HITPOINT WARNING * * *
A red film seems to cover your vision as you go berserk!
You feel yourself moving faster!
You feel mighty!
You feel somewhat more hungry. The orc hits you but does no damage.
The orc closely misses you.
The orc priest hits you with a falchion.
* * * LOW HITPOINT WARNING * * *
Something hits you but does no damage.
You barely miss the orc priest.
The orc priest is moderately wounded.
The orc hits you with a short sword.
* * * LOW HITPOINT WARNING * * *
The orc barely misses you.
You hit the orc priest.
The orc priest is heavily wounded.
Something hits you but does no damage.
The orc priest invokes the aid of Beogh against you.
Pain shoots through your body!
You die...

.#....#
###.#....#
#####.........
..##.......#
#.#<..#....#
##.###.# #.#
#......#
#{o###.# #o@#
##..
#.o......#
.........#..
#####w....#...
.........#
..?.#.. .#
..... # .#....


You could see an orc priest, a dart slug and 2 orcs.

Vanquished Creatures
  2 adders
  2 worms (D:2)
  A dart slug (D:2)
  7 bats
  3 giant cockroaches (D:1)
  8 goblins
  5 hobgoblins
  4 jackals (D:2)
  2 kobolds (D:2)
  2 quokkas (D:2)
  A giant newt (D:2)
  3 rats (D:1)
40 creatures vanquished.

Notes
Turn   | Place    | Note
--------------------------------------------------------------
     0 | D:1      | Steelers13 the Merfolk Berserker began the quest for the Orb.
     0 | D:1      | Reached XP level 1. HP: 18/18 MP: 1/1
   427 | D:1      | Reached XP level 2. HP: 21/24 MP: 2/2
  1002 | D:1      | Reached XP level 3. HP: 26/30 MP: 3/3
  1456 | D:2      | Reached ** piety under Trog
  2002 | D:2      | Found an opulent altar of Gozag.
  2667 | D:2      | Reached XP level 4. HP: 35/37 MP: 4/4
  2886 | D:2      | Found a sparkling altar of Nemelex Xobeh.
  3206 | D:3      | Killed from afar by an orc priest

Skill      XL: |  1  2  3 |
---------------+----------+-----
Long Blades    | 4 |  4.0
Fighting       | 4 |  4.2
Dodging        | 3 |  3.2
Armour         | |  1.8

Action                   |  1- 3 |  4- 6 || total
-------------------------+-------+-------++-------
Melee: Falchion          |   112 |    45 ||   157
Invok: Berserk           |     1 |     1 ||     2
  Eat: Chunk             |     5 |       ||     5
       Bread ration      |     1 |       ||     1
Armor: Ring mail         |    65 |    25 ||    90
       Leather armour    |     1 |       ||     1
Dodge: Dodged            |   120 |    49 ||   169
